 Dungeon Crawl Stone Soup version 0.15.0-34-g666c3a1 (webtiles) character file.

10618 Kashira the Grappler (level 11, -3/107 HPs)
             Began as a Troll Artificer on Sept 16, 2014.
             Was a Believer of Nemelex Xobeh.
             Slain by a six-headed hydra (11 damage)
             ... on Level 1 of the Lair of Beasts.
             The game lasted 00:50:53 (9628 turns).

Kashira the Grappler (Troll Artificer)              Turns: 9628, Time: 00:50:53

HP  -3/107       AC 10     Str 21      XL: 11   Next: 38%
MP  10/10        EV 16     Int  8      God: Nemelex Xobeh [**....]
Gold 213         SH  0     Dex 17      Spells:  2 memorised,  6 levels left

rFire  . . .     SeeInvis .       - Unarmed
rCold  . . .     Clarity  .     Q - +2 robe
rNeg   . . .     rCorr    .     (shield restricted)
rPois  .         rRot     .     C - +0 hat
rElec  .         Spirit   .     p - +2 cloak {MR+}
SustAb +         Warding  .     (gloves unavailable)
rMut   +         Stasis   .     (boots unavailable)
Gourm  +                        X - amulet of resist mutation
MR     ++...                    L - cursed ring of protection from magic
                                B - ring of sustain abilities

@: very slightly contaminated, repel missiles, very resistant to hostile
enchantments, fairly stealthy
A: unfitting armour, claws 3, fangs 1, hooves 2, thin skeletal structure 1,
agile 1, fast metabolism 3, gourmand, low mp 1, regeneration 2, saprovore 2,
shaggy fur 1, tough skin 2
a: Draw One, Peek at Two, Renounce Religion


You were on level 1 of the Lair of Beasts.
You worshipped Nemelex Xobeh.
Nemelex Xobeh was pleased with you.
You were not hungry.

You visited 3 branches of the dungeon, and saw 12 of its levels.
You also visited: Ossuary.

You collected 683 gold pieces.
You spent 470 gold pieces at shops.

Inventory:

Hand weapons
 P - a +4 dagger of chaos
Armour
 p - a +2 cloak of magic resistance (worn)
 C - a +0 hat (worn)
 Q - a +2 robe (worn)
Magical devices
 b - a wand of flame (15)
 c - a wand of enslavement (10)
 d - a wand of random effects (0)
 o - a wand of magic darts (8)
 t - a wand of lightning (0)
 x - a wand of teleportation (0)
 y - a wand of disintegration (8)
 M - a wand of slowing (11)
Comestibles
 a - 5 meat rations
 h - 3 slices of pizza
 s - 6 bread rations
 A - 8 beef jerkies
 G - 4 fruits
Scrolls
 e - a scroll of holy word {unknown}
 f - 3 scrolls of remove curse
 g - 6 scrolls of fear
 k - 3 scrolls of magic mapping
 l - 2 scrolls of fog
 m - 3 scrolls of enchant weapon
 n - 7 scrolls of teleportation
 v - 3 scrolls of recharging
 V - a scroll of enchant armour
Jewellery
 z - an uncursed ring of poison resistance {unknown}
 B - a ring of sustain abilities (left claw)
 L - a cursed ring of protection from magic (right claw)
 O - an uncursed ring of flight
 X - an amulet of resist mutation (around neck)
Potions
 j - 4 potions of restore abilities
 q - 2 potions of flight
 r - 2 potions of curing
 u - 4 potions of heal wounds {unknown}
 w - a potion of might {unknown}
 E - 3 potions of berserk rage
 H - 3 potions of haste {unknown}
 J - a potion of magic {unknown}
 T - a potion of brilliance
Books
 i - a book of the Warp

   Spells                             Type                      Level
   Control Teleport                   Charms/Translocation         4
   Phase Shift                        Translocation                5
   Warp Weapon                        Charms/Translocation         5
   Dispersal                          Translocation                6
   Controlled Blink                   Translocation                7
   Disjunction                        Translocation                8
 D - a book of Air

   Spells                             Type                      Level
   Shock                              Conjuration/Air              1
   *Swiftness                         Charms/Air                   2
   *Repel Missiles                    Charms/Air                   2
   Flight                             Charms/Air                   3
   Static Discharge                   Conjuration/Air              3
   Lightning Bolt                     Conjuration/Air              5
 S - the Papyrus of Dark Rituals and Poison
   (You found it on level 9 of the Dungeon)

   Spells                             Type                      Level
   Sting                              Conjuration/Poison           1
   Animate Skeleton                   Necromancy                   1
   Regeneration                       Charms/Necromancy            3
   Olgreb's Toxic Radiance            Poison                       4
   Alistair's Intoxication            Transmutation/Poison         4
   Death Channel                      Necromancy                   6
 Y - a book of Burglary

   Spells                             Type                      Level
   *Swiftness                         Charms/Air                   2
   Passwall                           Transmutation/Earth          3
   Passage of Golubria                Translocation                4
   Lee's Rapid Deconstruction         Earth                        5
   Invisibility                       Hexes                        6
   Darkness                           Hexes                        7
 Z - a book of Cantrips

   Spells                             Type                      Level
   Corona                             Hexes                        1
   Animate Skeleton                   Necromancy                   1
   Summon Small Mammal                Summoning                    1
   Apportation                        Translocation                1
Miscellaneous
 N - a plain deck of war {drawn: 5}
 R - an ornate deck of war


   Skills:
 + Level 6.6 Fighting
 + Level 9.1 Dodging
 + Level 3.6 Stealth
 + Level 9.9 Unarmed Combat
 + Level 0.1 Air Magic
 + Level 4.8 Evocations


You had 6 spell levels left.
You knew the following spells:

 Your Spells              Type           Power        Failure   Level  Hunger
a - Repel Missiles        Chrm/Air       #.....       69%         2    ###....
b - Swiftness             Chrm/Air       #.......     69%         2    ###....


Dungeon Overview and Level Annotations

Branches:
Dungeon (10/15)            Temple (1/1) D:7            Lair (1/8) D:9
    Orc: D:9-12

Altars:
Dithmenos
Elyvilon
Fedhas
Kikubaaqudgha
Makhleb
Nemelex Xobeh
Okawaru
Sif Muna
Trog
Vehumet
Yredelemnul
Zin
The Shining One
Beogh

Shops:
D:6 *   D:10 :

Annotations:
D:2 Sigmund
D:5 Grinder


Innate Abilities, Weirdness & Mutations

You are too large for most types of armour.
You have claws for hands.
Your metabolism is lightning-fast.
You like to eat raw meat.
You heal very quickly.
You can eat rotten meat.
You are covered in fur (AC +1).
You have very tough skin (AC +2).
You have very sharp teeth.
You have hoof-like feet.
You have a somewhat thin skeletal structure (Dex +2, Stealth).
You are agile. (Dex +2)
Your magical capacity is low (-10% MP).


Message History

Evoke which item? (* to show all) (? for menu, Esc to quit)
Okay, then.
Drink which item? (? for menu, Esc to quit)
You feel better. The giant frog hits you!
* * * LOW HITPOINT WARNING * * *
The six-headed hydra bites you!
* * * LOW HITPOINT WARNING * * *
The six-headed hydra misses you. x3
The six-headed hydra completely misses you.
The six-headed hydra misses you. The green rat barely misses you.
Evoke which item? (* to show all) (? for menu, Esc to quit)
Zapping:
c - a wand of enslavement (11)
Press: ? - help, Shift-Dir - straight line, f/p - six-headed hydra
Aim: a six-headed hydra (severely wounded)
The six-headed hydra easily resists.
This wand has 10 charges left.
The giant frog closely misses you. The six-headed hydra bites you!
* * * LOW HITPOINT WARNING * * *
The six-headed hydra bites you!
You die...
Your body glows slightly and disappears.

#.. ... #.. ... #.# #..
#.# ###.# ##.#@###### #
###..rFD....## #.#.##
###..+..F..%<..#
##....##.........i..#.#
#D(...%#...##.......#
..
..#....+...###.......#
#..
+..§F#####...♣...♣♣.#
#. #...F #..♣♣....P...#
#.... ♣.........P.♣♣


You could see a six-headed hydra, a spriggan, 2 giant frogs and a green rat.

Vanquished Creatures
  Joseph (D:8)
  Psyche (D:8)
  A centaur skeleton (D:10)
  A komodo dragon (D:10)
  A troll (D:8)
  2 two-headed ogres
  5 blink frogs (Lair:1)
  4 yaks (D:9)
  Eustachio (D:5)
  A deep elf mage (D:9)
  A hippogriff (D:7)
  A wolf (D:7)
  3 wargs (D:9)
  2 water moccasins
  6 orc warriors
  A porcupine (D:4)
  A sky beast (D:8)
  An ice beast (D:9)
  5 ogres
  A phantom (D:10)
  2 necrophages (D:8)
  3 centaurs
  2 black bears
  4 big kobolds
  Duvessa (D:4)
  4 elf zombies
  A gnoll sergeant (D:6)
  4 giant frogs
  An eye of draining (D:9)
  9 killer bees
  A troll skeleton (D:8)
  A quasit (D:9)
  2 goliath beetles (D:9)
  7 wights
  Dowan (D:4)
  3 crimson imps
  7 hounds
  5 centaur zombies (Ossuary)
  3 jellies
  6 human zombies
  Crazy Yiuf (D:3)
  9 orc priests
  8 orc wizards
  2 gnoll shamans (D:6)
  2 human skeletons (D:8)
  6 iguanas
  Natasha (thrice) (D:4)
  11 worker ants
  Jessica (D:2)
  A hound skeleton (D:6)
  4 mummies
  14 gnolls
  5 green rats (Lair:1)
  A giant mite (D:5)
  15 adders
  4 shadow imps
  6 worms
  4 adder skeletons
  An iguana skeleton (D:8)
  11 giant geckos
  An ooze (D:3)
  40 orcs
  2 ball pythons
  A bat zombie (D:6)
  9 goblins
  20 hobgoblins
  5 jackals
  3 quokkas
  21 bats
  5 giant cockroaches
  A giant gecko skeleton (D:6)
  A giant gecko zombie (D:5)
  3 giant newts
  A giant spore (D:7)
  A hobgoblin zombie (D:7)
  22 kobolds
  A kobold skeleton (D:5)
  An orc skeleton (D:9)
  2 orc zombies (D:8)
  15 rats
  A rat zombie (D:4)
  A fungus (D:3)
373 creatures vanquished.

Vanquished Creatures (collateral kills)
  A sky beast (D:5)
  An orc priest (D:10)
  An orc wizard (D:5)
  A shadow imp (D:9)
  2 orcs
  A giant cockroach (D:5)
7 creatures vanquished.

Vanquished Creatures (others)
  A giant spore (D:10)
  2 fungi (Lair:1)
3 creatures vanquished.

Grand Total: 383 creatures vanquished

Notes
Turn   | Place    | Note
--------------------------------------------------------------
     0 | D:1      | Kashira, the Troll Artificer, began the quest for the Orb.
     0 | D:1      | Reached XP level 1. HP: 18/18 MP: 1/1
   116 | D:1      | Reached XP level 2. HP: 26/26 MP: 1/1
   385 | D:1      | Reached skill level 1 in Fighting
   426 | D:1      | Reached XP level 3. HP: 31/33 MP: 3/3
   695 | D:2      | Noticed Sigmund
   695 | D:2      | Noticed Jessica
   806 | D:2      | Killed Jessica
   826 | D:2      | Reached skill level 3 in Evocations
   915 | D:2      | Reached XP level 4. HP: 41/41 MP: 4/4
  1709 | D:3      | Noticed Crazy Yiuf
  1718 | D:3      | Killed Crazy Yiuf
  1718 | D:3      | Reached XP level 5. HP: 32/48 MP: 4/4
  1785 | D:4      | Noticed Duvessa
  1792 | D:4      | Killed Duvessa
  1814 | D:4      | Noticed Dowan
  1830 | D:4      | Killed Dowan
  1830 | D:4      | Reached XP level 6. HP: 40/55 MP: 6/6
  1845 | D:4      | Reached skill level 1 in Stealth
  2023 | D:4      | Gained mutation: Your magical capacity is low (-10% MP). [potion of mutation]
  2023 | D:4      | Gained mutation: You are agile. (Dex +2) [potion of mutation]
  2023 | D:4      | Gained mutation: You have very sharp teeth. [potion of mutation]
  2136 | D:4      | Noticed Natasha
  2136 | D:4      | Noticed an ogre
  2148 | D:4      | Killed Natasha
  2192 | D:4      | Killed an ogre
  2192 | D:4      | Reached skill level 4 in Dodging
  2192 | D:4      | Reached XP level 7. HP: 29/66 MP: 5/5
  2668 | D:4      | Noticed Natasha
  2674 | D:4      | Killed Natasha
  2918 | D:4      | Noticed Natasha
  2921 | D:4      | Killed Natasha
  2945 | D:5      | Entered Level 5 of the Dungeon
  3107 | D:5      | Noticed Grinder
  3495 | D:5      | Noticed Eustachio
  3507 | D:5      | Killed Eustachio
  3507 | D:5      | Reached skill level 5 in Unarmed Combat
  3624 | D:5      | Reached XP level 8. HP: 52/75 MP: 6/6
  4326 | D:6      | Reached skill level 5 in Dodging
  4632 | D:6      | Found Tieheq's General Store.
  4646 | D:6      | Bought a scroll of identify for 22 gold pieces
  4646 | D:6      | Bought 2 potions of berserk rage for 66 gold pieces
  4646 | D:6      | Bought a scroll of torment for 82 gold pieces
  4842 | D:6      | Reached skill level 6 in Unarmed Combat
  4869 | D:6      | Reached XP level 9. HP: 68/84 MP: 8/8
  5018 | D:6      | Identified a scroll of acquirement
  5278 | D:7      | Found a sand-covered staircase.
  5285 | Ossuary  | Entered an ossuary
  5355 | Ossuary  | Gained mutation: You have a somewhat thin skeletal structure (Dex +2, Stealth). [potion of mutation]
  5355 | Ossuary  | Gained mutation: You have large cloven feet. [potion of mutation]
  5458 | Ossuary  | Reached skill level 7 in Unarmed Combat
  6142 | D:7      | Found a staircase to the Ecumenical Temple.
  6281 | Temple   | Entered the Ecumenical Temple
  6290 | Temple   | Became a worshipper of Nemelex Xobeh the Trickster
  6342 | D:7      | Found a radiant altar of Vehumet.
  6343 | D:7      | Found a shadowy altar of Dithmenos.
  6380 | D:7      | Received a gift from Nemelex Xobeh
  6660 | D:7      | Reached skill level 8 in Unarmed Combat
  6726 | D:8      | Noticed Joseph
  6745 | D:8      | Killed Joseph
  6745 | D:8      | Reached XP level 10. HP: 48/94 MP: 9/9
  6909 | D:8      | Reached skill level 5 in Fighting
  7050 | D:8      | Noticed Psyche
  7085 | D:8      | Killed Psyche
  7294 | D:8      | Acquired Nemelex Xobeh's first power
  7368 | D:8      | Found a basalt altar of Yredelemnul.
  7641 | D:8      | Found a glowing silver altar of Zin.
  7656 | D:8      | Gained mutation: You have hoof-like feet. [mutagenic meat]
  7924 | D:9      | Reached skill level 9 in Unarmed Combat
  7985 | D:9      | Found a staircase to the Lair.
  8450 | D:9      | Identified the Papyrus of Dark Rituals and Poison (You found it on level 9 of the Dungeon)
  8454 | D:9      | Learned a level 2 spell: Repel Missiles
  8623 | D:10     | Entered Level 10 of the Dungeon
  8704 | D:10     | Reached XP level 11. HP: 105/105 MP: 10/10
  8726 | D:10     | Received a gift from Nemelex Xobeh
  8806 | D:10     | Found Buttanu's Book Shop.
  8812 | D:10     | Acquired Nemelex Xobeh's second power
  8815 | D:10     | Bought a book of Cantrips for 300 gold pieces
  8834 | D:10     | Learned a level 2 spell: Swiftness
  8994 | D:10     | Found a roughly hewn altar of Beogh.
  9052 | D:10     | Noticed an orc knight
  9531 | Lair:1   | Entered Level 1 of the Lair of Beasts
  9591 | Lair:1   | Noticed a six-headed hydra
  9628 | Lair:1   | Slain by a six-headed hydra

Action                   |  1- 3 |  4- 6 |  7- 9 | 10-12 || total
-------------------------+-------+-------+-------+-------++-------
Melee: Unarmed           |    98 |   167 |   491 |   410 ||  1166
 Cast: Repel Missiles    |       |       |       |     1 ||     1
Evoke: Wand              |     2 |    17 |    25 |    31 ||    75
       Deck              |       |       |     1 |     4 ||     5
  Use: Scroll            |       |     7 |    10 |     6 ||    23
       Potion            |       |     1 |     1 |     2 ||     4
 Stab: Sleeping          |       |       |     4 |    10 ||    14
       Paralysed         |       |       |     4 |       ||     4
       Distracted        |       |       |       |     1 ||     1
  Eat: Chunk             |    13 |    12 |    38 |    27 ||    90
